 Dungeon Crawl Stone Soup version 0.25.1-2-g60ff931df9 (webtiles) character file.

Game seed: 12551734417312231175

7529 jfcaron the Covert (level 11, -6/71 HPs)
             Began as an Octopode Venom Mage on Sept 28, 2020.
             Was a Believer of Vehumet.
             Mangled by a wolf (11 damage)
             ... on level 1 of the Lair of Beasts.
             The game lasted 00:59:12 (17290 turns).

jfcaron the Covert (Octopode Venom Mage)           Turns: 17290, Time: 00:59:13

Health: -6/71      AC:  1    Str:  8    XL:     11   Next: 16%
Magic:  20/20      EV: 15    Int: 20    God:    Vehumet [**....]
Gold:   400        SH:  8    Dex: 13    Spells: 7/22 levels left

rFire    . . .     SeeInvis .   a - +1 dagger (drain)
rCold    . . .     Gourm    .   y - +3 buckler (curse)
rNeg     + . .     Faith    .   (helmet restricted)
rPois    .         Spirit   .   (no amulet)
rElec    .         Reflect  .   n - ring of positive energy
rCorr    .         Harm     .   (no ring)
MR       .....                  (no ring)
Stlth    +++++.....             (no ring)
HPRegen  0.21/turn              (no ring)
MPRegen  0.17/turn              (no ring)
                                (no ring)
                                (no ring)

@: very slightly contaminated, invisible
A: almost no armour, stealthy swim, amphibious, 8 rings, constrict 8, camouflage
1, gelatinous body 1
a: Renounce Religion


You were on level 1 of the Lair of Beasts.
You worshipped Vehumet.
Vehumet was pleased with you.
You were hungry.

You visited 3 branches of the dungeon, and saw 12 of its levels.

You collected 400 gold pieces.

Inventory:

Hand Weapons
 a - a +1 dagger of draining (weapon)
 b - a +3 dagger of speed
 I - a +0 short sword of venom
Missiles
 d - 243 stones
 i - 155 sling bullets
 k - 6 javelins (quivered)
 m - 158 arrows
 u - 3 boomerangs
 w - 14 bolts
 x - 14 poisoned darts
 H - 2 throwing nets {!f}
Armour
 y - a cursed +3 buckler (worn)
Jewellery
 n - a ring of positive energy (left tentacle)
Wands
 r - a wand of polymorph (18)
 D - a wand of flame (19)
 F - a wand of acid (10)
Scrolls
 f - 7 scrolls of remove curse
 h - a scroll of enchant armour
 B - a scroll of amnesia
Potions
 c - a potion of resistance
 g - a potion of magic
 l - a potion of brilliance {unknown}
 p - a potion of cancellation {unknown}
 q - 2 potions of stabbing
 s - a potion of flight {unknown}
 A - a potion of might {unknown}
Miscellaneous
 E - a tin of tremorstones (3/3)
Comestibles
 v - 9 rations


   Skills:
 + Level 5.0 Fighting
 + Level 5.0 Dodging
 + Level 10.0 Stealth
 - Level 4.0 Shields
 - Level 6.3 Spellcasting
 + Level 4.0 Conjurations
 - Level 4.0 Transmutations
 - Level 4.0 Fire Magic
 + Level 4.0 Air Magic
 + Level 10.0 Poison Magic


You had 7 spell levels left.
You knew the following spells:

 Your Spells              Type           Power        Failure   Level  Hunger
a - Sting                 Tmut/Pois      ####         1%          1    None
b - Poisonous Vapours     Pois/Air       ####..       1%          2    None
c - Mephitic Cloud        Conj/Pois/Air  ####....     2%          3    ##.....
d - Olgreb's Toxic Radia  Pois           #####...     1%          4    ####...
e - Freeze                Ice            #...         10%         1    None
f - Ignite Poison         Fire/Tmut/Pois ####....     2%          3    ##.....
g - Shock                 Conj/Air       ###.         1%          1    None

Your spell library contained the following spells:

 Spells                   Type           Power        Failure   Level  Hunger
 Confusing Touch          Hex            #.......     30%         3    ##.....
 Gell's Gravitas          Tloc           #.........   30%         3    ##.....
 Petrify                  Tmut/Erth      ##......     41%         4    ####...
 Yara's Violent Unravell  Hex/Tmut       ##........   77%         5    #####..
 Metabolic Englaciation   Hex/Ice        #.........   95%         5    #####..


Dungeon Overview and Level Annotations

Branches:
Dungeon (10/15)            Temple (1/1) D:5            Lair (1/6) D:8
    Orc: D:9-12

Altars:
Ashenzari
Cheibriados
Dithmenos
Elyvilon
Fedhas
Gozag
Hepliaklqana
Kikubaaqudgha
Makhleb
Nemelex Xobeh
Okawaru
Qazlal
Ru
Sif Muna
Trog
Uskayaw
Vehumet
Wu Jian
Xom
Yredelemnul
Zin
The Shining One

Shops:
D:5 %

Annotations:
D:9 exclusion: vampire
Lair:1 exclusions: hydra and spiny frog, Joseph


Innate Abilities, Weirdness & Mutations

You cannot wear most types of armour.
You are very stealthy in the water. (Stealth+)
You are amphibious.
You can wear up to eight rings at the same time.
You can use your tentacles to constrict eight enemies at once.
Your skin changes colour to match your surroundings (Stealth+).
Your rubbery body absorbs attacks. (AC +1, EV +1)


Message History

The wolf bites you!
* * * LOW HITPOINT WARNING * * *
The wolf howls!
You hear an angry hiss.
Okay, then.
As you read the scroll labeled LARIH VETESAN, it crumbles to dust.
Your body is wracked with pain!
* * * LOW HITPOINT WARNING * * *
The wolf convulses! x5; The hippogriff convulses!
The hippogriff screeches!
It was a scroll of torment.
The hippogriff screeches!
You hear a shout!
You hear a loud, deep croak!
The wolf barely misses you. You block the wolf's attack.
Okay, then.
As you read the scroll labeled UXZIEDI KUIRPHO, it crumbles to dust.
The scroll dissolves into smoke.
It was a scroll of fog.
The wolf closely misses you. The wolf barely misses you. The wolf misses you.
You block the wolf's attack. The wolf barely misses you.
You block the wolf's attack. You block the wolf's attack. The wolf bites you!
You die...

..............h..H#...#.
.......................#...#.
#.....P#.#...........@.#.r...
#.....# #...........H..F(.h..
#.....# ##....##.P.....#.....
#.....####....+..#.....#...). #
##.....##.#..§§§§§............
####P...........§hh§#.....F......
................@hh§§.>..........
P#####..P######.####§############
## ##### ### ###


You could see 4 wolves.

Vanquished Creatures
  An ugly thing (D:7)
  An elephant (D:7)
  A spiny frog (Lair:1)
  A rime drake (Lair:1)
  5 blink frogs
  2 hippogriffs
  Sigmund (D:2)
  A wyvern (Lair:1)
  4 yaks (D:9)
  A water moccasin (D:8)
  7 porcupines
  4 black bears
  2 ice beasts
  2 ogres (D:6)
  2 phantoms
  3 centaurs
  3 bullfrogs
  A water moccasin skeleton (D:5)
  2 jellies
  10 killer bees
  4 crimson imps
  A bullfrog zombie (D:8)
  2 centaur zombies
  2 hounds
  2 bullfrog skeletons
  6 orc priests
  Crazy Yiuf (D:5)
  2 centaur skeletons
  An iguana (D:7)
  Jessica (D:2)
  8 orc wizards
  Terence (D:3)
  6 worker ants
  A hound skeleton (D:9)
  Robin (D:3)
  13 adders
  3 gnolls (D:5)
  A howler monkey skeleton (D:9)
  2 oozes (D:1)
  An adder skeleton (D:7)
  An adder zombie (D:5)
  2 worms (D:2)
  3 dart slugs
  5 leopard geckos
  31 orcs
  6 bats
  6 giant cockroaches
  13 goblins
  12 hobgoblins
  3 jackals (D:1)
  7 kobolds
  2 quokkas
  2 ball pythons
  3 frilled lizards
  2 leopard gecko skeletons
  A quokka skeleton (D:4)
  9 rats
  47 fungi
  9 plants (D:8)
277 creatures vanquished.

Notes
Turn   | Place    | Note
-------+----------+-------------------------------------------
     0 | D:1      | jfcaron the Octopode Venom Mage began the quest for the
                  | Orb.
     0 | D:1      | Reached XP level 1. HP: 11/11 MP: 3/3
   188 | D:1      | Reached XP level 2. HP: 10/17 MP: 0/5
   198 | D:1      | Learned a level 2 spell: Poisonous Vapours
  1022 | D:1      | Reached skill level 1 in Air Magic
  1145 | D:1      | Reached XP level 3. HP: 21/21 MP: 4/6
  1150 | D:1      | Learned a level 3 spell: Mephitic Cloud
  1336 | D:2      | Found a stormy altar of Qazlal.
  1338 | D:2      | Noticed a water elemental
  1339 | D:2      | Noticed a fire elemental
  1339 | D:2      | Noticed an earth elemental
  1339 | D:2      | Noticed an air elemental
  1745 | D:2      | Reached XP level 4. HP: 27/27 MP: 1/7
  1994 | D:2      | Noticed Sigmund
  2003 | D:2      | Killed Sigmund
  2003 | D:2      | Reached skill level 1 in Conjurations
  2003 | D:2      | Reached skill level 5 in Poison Magic
  2003 | D:2      | Reached XP level 5. HP: 14/31 MP: 0/8
  2003 | D:2      | Reached XP level 6. HP: 16/36 MP: 0/9
  2407 | D:2      | Noticed Jessica
  2410 | D:2      | Killed Jessica
  2940 | D:3      | Reached skill level 5 in Stealth
  2995 | D:3      | Noticed Robin
  3003 | D:3      | Killed Robin
  3371 | D:3      | Noticed Terence
  3402 | D:3      | Killed Terence
  4544 | D:4      | Reached XP level 7. HP: 41/41 MP: 3/10
  4630 | D:4      | Learned a level 4 spell: Olgreb's Toxic Radiance
  4718 | D:4      | HP: 6/41 [orc priest/divine providence (13)]
  6186 | D:5      | Entered Level 5 of the Dungeon
  6191 | D:5      | Found an iron altar of Okawaru.
  6413 | D:5      | Found Oneomewn's Food Emporium.
  6624 | D:5      | Found a staircase to the Ecumenical Temple.
  6633 | Temple   | Entered the Ecumenical Temple
  6804 | Temple   | Became a worshipper of Vehumet
  7147 | D:5      | HP: 7/41 [centaur (8)]
  7148 | D:5      | Reached XP level 8. HP: 18/46 MP: 0/11
  8069 | D:5      | Reached * piety under Vehumet
  8069 | D:5      | Offered knowledge of Freeze by Vehumet.
  8383 | D:5      | HP: 8/46 [phantom (7)]
  8875 | D:5      | Found a runed translucent door.
  8876 | D:5      | Noticed Crazy Yiuf
  8885 | D:5      | Killed Crazy Yiuf
  9354 | D:6      | Learned a level 1 spell: Freeze
  9490 | D:6      | Reached skill level 10 in Stealth
  9992 | D:6      | Reached XP level 9. HP: 51/51 MP: 13/13
 11136 | D:7      | Noticed a purple ugly thing
 11175 | D:7      | Killed a purple ugly thing
 11175 | D:7      | Reached skill level 5 in Spellcasting
 11534 | D:7      | Noticed Harold
 12160 | D:8      | Reached skill level 1 in Shields
 12398 | D:8      | Reached skill level 1 in Fighting
 12606 | D:8      | Reached XP level 10. HP: 54/60 MP: 14/19
 13739 | D:8      | Found a staircase to the Lair.
 14419 | D:9      | Reached ** piety under Vehumet
 14535 | D:9      | Reached skill level 5 in Dodging
 14549 | D:9      | Offered knowledge of Shock by Vehumet.
 14549 | D:9      | Reached skill level 5 in Fighting
 14600 | D:9      | Learned a level 3 spell: Ignite Poison
 14820 | D:10     | Entered Level 10 of the Dungeon
 14871 | Lair:1   | Entered Level 1 of the Lair of Beasts
 14989 | Lair:1   | Reached skill level 1 in Fire Magic
 15362 | Lair:1   | Noticed Joseph
 15416 | Lair:1   | Noticed a spiny frog
 15450 | Lair:1   | Noticed a spiny frog
 15466 | Lair:1   | Killed a spiny frog
 15785 | Lair:1   | Noticed a seven-headed hydra
 15815 | Lair:1   | Reached XP level 11. HP: 30/71 MP: 18/20
 16223 | D:7      | Noticed Harold
 16223 | D:7      | Harold changed into Harold the elephant
 16634 | D:7      | Killed Harold the elephant
 17125 | Lair:1   | Reached skill level 10 in Poison Magic
 17160 | Lair:1   | Learned a level 1 spell: Shock
 17272 | Lair:1   | HP: 13/71 [poisoned by a spiny frog]
 17286 | Lair:1   | HP: 12/71 [wolf (8)]
 17286 | Lair:1   | HP: 5/71 [wolf (7)]
 17290 | Lair:1   | Mangled by a wolf

Illustrated notes

Levels and vault maps discovered:
D:1:      dpeg_arrival_round_c, layout_basic
D:2:      layout_loops_ring, nicolae_qazlal_style_of_elements, uniq_sigmund,
          uniq_jessica
D:3:      layout_loops_ring, uniq_robin, uniq_terence
D:4:      layout_gridville
D:5:      layout_rooms, lemuel_temple_firewalk_b, basic_altar, first_ration,
          serial_shops, shop, uniq_crazy_yiuf_cottage
D:6:      layout_layer_cave, chequers_serial_rivers_large_a
D:7:      layout_basic, uniq_harold
D:8:      layout_basic, due_lair_maze_entry_diamond
D:9:      layout_big_octagon
D:10:     layout_basic, orc_0_dummy, basic_altar, grunt_livestock,
          bh_hangedman_babel_library, uniq_josephine
Temple:   kilobyte_greek_temple
Lair:1:   layout_chaotic_city, uniq_joseph

Skill      XL: |  1  2  3  4  5  6  7  8  9 10 11 |
---------------+----------------------------------+-----
Stealth        | 3 4 5 6 10 | 10.0
Poison Magic   | 4 5 6 8 9 10 | 10.0
Air Magic      | 1 3 4 |  4.0
Conjurations   | 1 2 3 4 |  4.0
Spellcasting   | 3 6 |  6.3
Shields        | 4 |  4.0
Fighting       | 1 5 |  5.0
Dodging        | 5 |  5.0
Fire Magic     | 3 4 |  4.0
Transmutations | 3 4 |  4.0

Action                   |  1- 3 |  4- 6 |  7- 9 | 10-12 || total
-------------------------+-------+-------+-------+-------++-------
Melee: Dagger            |     4 |     4 |   113 |   105 ||   226
       Constrict         |     3 |       |    16 |    10 ||    29
       Tentacles         |     1 |       |    19 |    23 ||    43
Throw: Stone             |     7 |     9 |    34 |    19 ||    69
       Javelin           |       |       |    20 |     4 ||    24
 Cast: Sting             |    30 |    27 |    25 |    13 ||    95
       Poisonous Vapours |    13 |    57 |   102 |    75 ||   247
       Mephitic Cloud    |       |       |     1 |     6 ||     7
       Freeze            |       |       |    20 |       ||    20
       Olgreb's Toxic Ra |       |       |     4 |    10 ||    14
       Ignite Poison     |       |       |       |     3 ||     3
Evoke: Wand              |       |       |       |     1 ||     1
  Use: Scroll            |       |     5 |     8 |     7 ||    20
       Potion            |       |       |     2 |     4 ||     6
 Stab: Sleeping          |       |     2 |    13 |     2 ||    17
  Eat: Chunk             |     4 |    12 |    14 |    12 ||    42
       Ration            |       |       |     5 |     1 ||     6
Armor: Skin              |     3 |     2 |    11 |     2 ||    18
Dodge: Dodged            |    14 |     8 |   102 |    71 ||   195
Block: Buckler           |       |       |     4 |    49 ||    53
